 Dungeon Crawl Stone Soup version 0.20.0-4-g10b340a (webtiles) character file.

177 CosmicAfro the Cudgeler (level 5, -8/32 HPs)
             Began as a Gargoyle Fighter on May 27, 2017.
             Was an Initiate of Okawaru.
             Killed from afar by an orc wizard (11 damage)
             ... with a magic dart
             ... on level 4 of the Dungeon.
             The game lasted 00:06:17 (2678 turns).

CosmicAfro the Cudgeler (Gargoyle Fighter)          Turns: 2678, Time: 00:06:18

Health: -8/32      AC: 10    Str: 19    XL:     5   Next: 57%
Magic:  5/5        EV:  7    Int:  9    God:    Okawaru [......]
Gold:   201        SH:  9    Dex: 10    Spells: 4/4 levels left

rFire    . . .     SeeInvis .   a - +0 flail
rCold    . . .     Gourm    .   c - +0 shield
rNeg     + . .     Faith    .   b - +0 scale mail
rPois    ∞         Spirit   .   (no helmet)
rElec    +         Reflect  .   (no cloak)
rCorr    .         Harm     .   (no gloves)
MR       .....                  (no boots)
Stlth    ..........             (no amulet)
Regen    0.1/turn               i - ring of poison resistance
MPRegen  0.1/turn               (no ring)

@: starving, slowed, very slow
A: negative energy resistance 1, electricity resistance, unbreathing,
petrification resistance, rot immunity, AC +4
a: Renounce Religion


You were on level 4 of the Dungeon.
You worshipped Okawaru.
Okawaru was noncommittal.
You were starving.

You visited 1 branch of the dungeon, and saw 4 of its levels.

You collected 201 gold pieces.

Inventory:

Hand Weapons
 a - a +0 flail (weapon)
Armour
 b - a +0 scale mail (worn)
 c - a +0 shield (worn)
 t - a +2 plate armour of fire resistance
Jewellery
 i - a ring of poison resistance (left hand)
Wands
 o - a wand of acid (10/15)
 u - a wand of confusion (13/48)
Scrolls
 e - a scroll of noise {unknown}
 j - a scroll of remove curse {unknown}
 k - a scroll of enchant weapon {unknown}
 l - a scroll of teleportation {unknown}
 m - a scroll of magic mapping {unknown}
 w - a scroll of identify
Potions
 d - 2 potions of might
 g - 4 potions of lignification {unknown}
 h - a potion of agility {unknown}
 q - a potion of flight {unknown}
 r - 2 potions of curing {unknown}
 s - a potion of magic {unknown}
 v - a potion of mutation {unknown}
 x - a potion of invisibility {unknown}
Comestibles
 f - 2 bread rations
 n - 3 royal jellies
 p - a meat ration


   Skills:
 - Level 3.2 Fighting
 + Level 5.6 Maces & Flails
 - Level 3.2 Armour
 - Level 3.2 Shields


You had 4 spell levels left.
You didn't know any spells.

Dungeon Overview and Level Annotations

Branches:
Dungeon (4/15)
 Temple: D:4-7

Altars:
Elyvilon
Fedhas
Hepliaklqana
Makhleb
Okawaru
Qazlal
Vehumet
Xom


Innate Abilities, Weirdness & Mutations

You are resistant to torment.
Your stone body is resilient. (AC +4)
You are immune to poison.
You resist negative energy. (rN+)
You are resistant to electric shocks. (rElec)
You can survive without breathing.
You are immune to petrification.
You are immune to rotting.


Message History

* * * LOW HITPOINT WARNING * * *
You block the orc wizard's attack. The orc hits you but does no damage.
You barely miss the orc wizard.
The orc wizard is severely wounded.
The orc wizard gestures wildly while chanting.
The orc wizard blinks!
The orc wizard gestures at you while chanting.
You resist with some effort. The orc hits you but does no damage. x2
Unknown command.
As you read the scroll labeled COFARA SOGET, it crumbles to dust.
It is a scroll of identify.
Really abort (and waste the scroll)?
Uppercase [Y]es or [N]o only, please.
Really abort (and waste the scroll)?
Uppercase [Y]es or [N]o only, please.
Really abort (and waste the scroll)?
t - a +2 plate armour of fire resistance The orc wizard points at you and mumbles some strange words.
The magic dart hits you!
You die...

#.#...# ###
#.##### ...
#...(# #.#
####.# #o#
#.# #.# #.#
#.# #.#
#o#######.##
#oo@§...o..#
############


You could see an orc priest, an orc wizard and 2 orcs.

Vanquished Creatures
  A crimson imp (D:3)
  Jessica (D:3)
  4 gnolls (D:3)
  An adder (D:2)
  An ooze (D:2)
  2 worms
  A dart slug (D:2)
  A leopard gecko (D:2)
  11 bats
  3 giant cockroaches
  8 goblins
  9 hobgoblins
  A ball python (D:1)
  5 frilled lizards
  7 kobolds
  6 rats
62 creatures vanquished.

Notes
Turn   | Place    | Note
-------+----------+-------------------------------------------
     0 | D:1      | CosmicAfro the Gargoyle Fighter began the quest for the Orb.
     0 | D:1      | Reached XP level 1. HP: 14/14 MP: 1/1
   123 | D:1      | Reached XP level 2. HP: 11/19 MP: 2/2
   306 | D:1      | Reached skill level 3 in Maces & Flails
   424 | D:1      | Reached XP level 3. HP: 21/23 MP: 3/3
   903 | D:2      | Found a blossoming altar of Fedhas.
  1010 | D:2      | Reached skill level 4 in Maces & Flails
  1217 | D:2      | Found a white marble altar of Elyvilon.
  1220 | D:2      | Reached XP level 4. HP: 28/28 MP: 4/4
  1999 | D:3      | Reached skill level 5 in Maces & Flails
  2015 | D:3      | Noticed Jessica
  2024 | D:3      | Reached XP level 5. HP: 30/32 MP: 5/5
  2036 | D:3      | Killed Jessica
  2101 | D:3      | Found an iron altar of Okawaru.
  2101 | D:3      | Found a radiant altar of Vehumet.
  2102 | D:3      | Found a stormy altar of Qazlal.
  2130 | D:3      | Found a hazy altar of Hepliaklqana.
  2362 | D:3      | Became a worshipper of Warmaster Okawaru
  2539 | D:3      | Found a shimmering altar of Xom.
  2539 | D:3      | Found a burning altar of Makhleb.
  2546 | D:3      | Paralysed by a crimson imp for 3 turns
  2678 | D:4      | Killed from afar by an orc wizard

Skill      XL: |  1  2  3  4 |
---------------+-------------+-----
Maces & Flails | 3 4 5 |  5.6
Fighting       | |  3.2
Armour         | |  3.2
Shields        | |  3.2

Action                   |  1- 3 |  4- 6 || total
-------------------------+-------+-------++-------
Melee: Flail             |   157 |   128 ||   285
  Use: Scroll            |       |     1 ||     1
 Stab: Invisible         |       |     1 ||     1
  Eat: Chunk             |     1 |     3 ||     4
Armor: Scale mail        |    94 |    69 ||   163
Dodge: Dodged            |    45 |    47 ||    92
Block: Shield            |    86 |    84 ||   170
